 Dungeon Crawl Stone Soup version 0.28.0-45-g0d030f2227 (webtiles) character file.

Game seed: 18302542096586793467

262 pkoi the Insei (level 5, -7/45 HPs)
             Began as a Demigod Gladiator on Apr 11, 2022.
             Mangled by an ogre
             ... wielding a +0 giant club
              (21 damage)
             ... on level 4 of the Dungeon.
             The game lasted 00:02:42 (3654 turns).

pkoi the Insei (Demigod Gladiator)                  Turns: 3654, Time: 00:02:42

Health: -7/45      AC:  7    Str: 21    XL:     5   Next: 64%
Magic:  7/7        EV: 13    Int: 17    God:
Gold:   152        SH:  0    Dex: 15    Spells: 4/4 levels left

rFire   . . .      SeeInvis .   o - +8 hand axe of Rujae {venom, Int+3}
rCold   . . .      Faith    .   (no shield)
rNeg    + . .      Spirit   .   a - +0 leather armour
rPois   .          Reflect  .   b - +0 helmet
rElec   .          Harm     .   s - +2 cloak
rCorr   .          Rampage  .   (no gloves)
Will    .....                   (no boots)
Stlth   +.........              l - amulet of the acrobat
HPRegen 0.15/turn               h - +6 ring of strength
MPRegen 0.10/turn               i - ring of positive energy

@: no status effects
A: high MP 1, forlorn, divine attributes
a: no special abilities


You were on level 4 of the Dungeon.
You visited 2 branches of the dungeon, and saw 5 of its levels.

You collected 152 gold pieces.

Inventory:

Hand Weapons
 o - the +8 hand axe of Rujae (weapon) {venom, Int+3}
   (You found it on level 2 of the Dungeon)

   It poisons the flesh of those it strikes.
   Int:       It affects your intelligence (+3).
Missiles
 c - 5 throwing nets (quivered)
Armour
 a - a +0 leather armour (worn)
 b - a +0 helmet (worn)
 s - a +2 cloak (worn)
Jewellery
 h - a +6 ring of strength (left hand)
 i - a ring of positive energy (right hand)
 l - an amulet of the acrobat (around neck)
Wands
 r - a wand of charming (10)
Scrolls
 f - 2 scrolls of immolation {unknown}
 j - a scroll of teleportation {unknown}
 m - a scroll of enchant armour {unknown}
 n - a scroll of vulnerability {unknown}
 p - a scroll of identify {unknown}
Potions
 d - 3 potions of invisibility {unknown}
 e - a potion of curing {unknown}
 g - 2 potions of magic {unknown}
 k - a potion of haste {unknown}
 q - 2 potions of ambrosia {unknown}


   Skills:
 + Level 3.2 Fighting
 - Level 1.7 Throwing
 + Level 3.3 Dodging
 * Level 5.1 Unarmed Combat


You had 4 spell levels left.
You didn't know any spells.
Your spell library was empty.

Dungeon Overview and Level Annotations

Branches:
Dungeon (4/15)             Temple (1/1) D:4

Shops:
D:2 [


Innate Abilities, Weirdness & Mutations

You have an increased reservoir of magic. (+10% MP)
You shall have no god before yourself.
Your divine heritage dramatically boosts your attributes as you level up.


Message History

The hound skeleton is almost destroyed.
The hound skeleton barely misses you. x2
You hit the hound skeleton.
You destroy the hound skeleton!
No target in view!
No target in view!
No target in view!
No target in view!
No target in view!
No target in view!
No target in view!
No target in view!
No target in view!
No target in view!
No target in view!
Found a ring mail.
You now have enough gold to buy a runed helmet on D:2.
You can access your shopping list by pressing '$'.
You now have 152 gold pieces (gained 10).
An ogre comes into view. It is wielding a +0 giant club.
The ogre shouts!
Found 5 gold pieces.
An endoplasm comes into view.
The ogre hits you with a +0 giant club!!
Ouch! That really hurt!
* * * LOW HITPOINT WARNING * * *
You are too injured to fight recklessly!
You are too injured to fight recklessly!
You are too injured to fight recklessly!
You are too injured to fight recklessly!
You are too injured to fight recklessly!
You are too injured to fight recklessly!
Unknown command.
You hit the endoplasm.
The endoplasm is moderately wounded.
You hit the ogre.
The ogre is poisoned.
The endoplasm hits you.
* * * LOW HITPOINT WARNING * * *
The endoplasm hits you but does no damage.
The ogre hits you with a +0 giant club!!
You die...

.### #..# #.. ...##
##.## ### ##..#
#######..# 5##.#
######....###.# ......
55#.#
..........###.###.....
∩?#.#
..$........#.))##....
..#.#
.........#.#.#.##...
.##.#
.......O.._..#.##..
##..#
......J@.#.###..#.#
...## ......#....#
##.#.# .### .....
#....# #...# ## ....
#....# ##..# # ...
#....# #..##.# ..
#....######....# . .
#...........###... ..
####........###. .
..[####.......>......


You could see an ogre (very poisoned) and an endoplasm.

Vanquished Creatures
  A hound (D:4)
  Crazy Yiuf (D:3)
  2 orc priests (D:3)
  2 orc wizards
  A hound skeleton (D:4)
  2 adders
  An adder skeleton (D:2)
  3 worms
  3 dart slugs
  6 orcs
  6 endoplasms
  4 giant cockroaches
  A goblin (D:2)
  9 hobgoblins
  2 jackals (D:1)
  A quokka (D:3)
  2 ball pythons
  4 bats
  2 frilled lizards
  7 kobolds
  12 rats
72 creatures vanquished.

Notes
Turn   | Place    | Note
-------+----------+-------------------------------------------
     0 | D:1      | pkoi the Demigod Gladiator began the quest for the Orb.
     0 | D:1      | Reached XP level 1. HP: 17/17 MP: 3/3
   200 | D:1      | Reached skill level 3 in Unarmed Combat
   693 | D:1      | Reached XP level 2. HP: 24/24 MP: 4/4
  1320 | D:2      | Reached XP level 3. HP: 29/29 MP: 5/5
  1587 | D:2      | Reached skill level 4 in Unarmed Combat
  1737 | D:2      | Found Yzxuffi's Antique Armour Boutique.
  1745 | D:2      | Identified the +8 hand axe of Rujae {venom, Int+3}
  2155 | D:3      | Reached XP level 4. HP: 5/37 MP: 6/6
  2636 | D:3      | Found a runed translucent door.
  2637 | D:3      | Noticed Crazy Yiuf
  3012 | D:3      | Killed Crazy Yiuf
  3013 | D:3      | Reached XP level 5. HP: 33/44 MP: 7/7
  3141 | D:4      | Found a staircase to the Ecumenical Temple.
  3175 | Temple   | Entered the Ecumenical Temple
  3607 | D:4      | Reached skill level 5 in Unarmed Combat
  3650 | D:4      | Noticed an ogre
  3654 | D:4      | Mangled by an ogre

Illustrated notes

Levels and vault maps discovered:
D:1:      dpeg_arrival_rhombi, layout_basic, chequers_serial_rivers_micro_d
D:2:      layout_basic, serial_shops, shop
D:3:      layout_basic, hellmonk_ecumenical_altar_arch_garden,
          uniq_crazy_yiuf_cottage
D:4:      cheibrodos_quashed, layout_basic, yredelemnul_altar_generic,
          lemuel_crystal_altar, minmay_temple_entry_mini_moons,
          gammafunk_ghost_necromancy, minmay_quadrilaterals
Temple:   nicolae_temple_elliptical

Skill      XL: |  1  2  3  4  5 |
---------------+----------------+-----
Unarmed Combat | 3 4 5 |  5.1
Fighting       | 2 3 |  3.2
Dodging        | 3 |  3.3
Throwing       | |  1.7

Action                   |  1- 3 |  4- 6 || total
-------------------------+-------+-------++-------
Melee: Unarmed           |   153 |       ||   153
       Punch             |     4 |     2 ||     6
       Hand axe          |    18 |    42 ||    60
 Stab: Sleeping          |       |     1 ||     1
Armor: Leather armour    |    67 |    11 ||    78
Dodge: Dodged            |   132 |    33 ||   165
